 Dungeon Crawl Stone Soup version 0.27.1-4-g1640c2035a (webtiles) character file.

Game seed: 9565220789684801642

173 pkoi the Shield-Bearer (level 5, -1/45 HPs)
             Began as a Minotaur Fighter on Nov 10, 2021.
             Was a Follower of Uskayaw.
             Slain by a worm (5 damage)
             ... on level 3 of the Dungeon.
             The game lasted 00:03:28 (2479 turns).

pkoi the Shield-Bearer (Minotaur Fighter)           Turns: 2479, Time: 00:03:28

Health: -1/45      AC:  6    Str: 22    XL:     5   Next: 28%
Magic:  2/5        EV:  7    Int:  5    God:    Uskayaw [*.....]
Gold:   155        SH: 11    Dex:  9    Spells: 4/4 levels left

rFire    . . .     SeeInvis .   a - +0 long sword
rCold    . . .     Faith    .   c - +1 kite shield
rNeg     + . .     Spirit   .   q - +0 scale mail {rN+}
rPois    +         Reflect  .   (helmet restricted)
rElec    .         Harm     .   (no cloak)
rCorr    .         Rampage  .   (no gloves)
Will     .....                  (no boots)
Stlth    ..........             (no amulet)
HPRegen  0.15/turn              b - ring of poison resistance
MPRegen  0.09/turn              (no ring)

@: no status effects
A: horns 2, retaliatory headbutt
a: Renounce Religion, Stomp


You were on level 3 of the Dungeon.
You worshipped Uskayaw.
Uskayaw was noncommittal.
You visited 1 branch of the dungeon, and saw 3 of its levels.

You collected 155 gold pieces.

Inventory:

Hand Weapons
 a - a +0 long sword (weapon)
Missiles
 g - 7 poisoned darts (quivered)
 m - 5 atropa-tipped darts
Armour
 c - a +1 kite shield (worn)
 q - a +0 scale mail of positive energy (worn)
Jewellery
 b - a ring of poison resistance (left hand)
Scrolls
 h - a scroll of magic mapping
 i - a scroll of fog
 l - 3 scrolls of identify
 p - 2 scrolls of vulnerability
Potions
 d - a potion of might
 e - 3 potions of curing {unknown}
 f - a potion of attraction {unknown}
 j - 2 potions of flight
 k - a potion of lignification {unknown}
 n - a potion of resistance {unknown}


   Skills:
 - Level 3.6 Fighting
 + Level 4.5 Long Blades
 - Level 3.6 Armour
 + Level 5.2 Shields
 + Level 2.3 Invocations


You had 4 spell levels left.
You didn't know any spells.
Your spell library contained the following spells:

 Spells                   Type           Power      Damage    Failure   Level
 Inner Flame              Hex/Fire       0%         N/A       100%        3
 Cause Fear               Hex            0%         N/A       100%        4
 Discord                  Hex            0%         N/A       100%        8


Dungeon Overview and Level Annotations

Branches:
Dungeon (3/15)

Altars:
Uskayaw


Innate Abilities, Weirdness & Mutations

You have a pair of horns on your head.
You reflexively headbutt those who attack you in melee.


Message History

You kill the shadow imp!
You barely miss Natasha. Your headbutt misses Natasha.
Natasha claws you but does no damage. Natasha claws you!
You closely miss Natasha. You headbutt Natasha.
Natasha is moderately wounded.
Natasha claws you.
* * * LOW HITPOINT WARNING * * *
You hit Natasha.
Natasha is heavily wounded.
Natasha claws you!
* * * LOW HITPOINT WARNING * * *
You miss Natasha. You headbutt Natasha.
Natasha is severely wounded.
Natasha mumbles some strange words.
Natasha claws you.
* * * LOW HITPOINT WARNING * * *
You can now pass through a line of other dancers.
You closely miss Natasha.
Natasha is severely wounded.
Natasha claws you.
* * * LOW HITPOINT WARNING * * *
You block the crimson imp's attack.
You closely miss Natasha. Your headbutt misses Natasha.
Natasha is severely wounded.
The white imp disappears in a puff of smoke!
Natasha stares at you and mumbles some strange words.
The magic dart hits you.
* * * LOW HITPOINT WARNING * * *
You block the crimson imp's attack.
You stomp with the beat, sending a shockwave through the revellers around you!
The crimson imp is moderately wounded.
You kill Natasha!
Natasha screams in pain as she dies!
The crimson imp disappears in a puff of smoke!
You can no longer pass through a line of other dancers.
You block the worm's attack.
You hit the worm. Your headbutt misses the worm.
The worm is moderately wounded.
The worm bites you.
You die...

....# #.........#
#.# ###*,*,**
....#
#...#########.#
*,*,,, ....#
#...........#.####
*,*,** ....#
#...........#....#
*,*,* ....#
#..>........#.##.#
*,*,* ....#
#..............#.#
*,**** ....#
###########.##.#.#
*,,,,, ....#
#......####....#.#
****** ....#
#......w@....#.#.#
....#
#......#####.###.#
....#
#......#.......#.#
#.###
#......#.###.#.#.#
#.# *#......#.#
#.#.#.# #.#
#.......#.#
#.#.#.# ..#
#..<.####.#
#.#.#.# ### #....*
#.###.#.#.###
#....*
#...........#


You could see a worm.

Vanquished Creatures
  Terence (D:3)
  An iguana (D:3)
  Natasha (D:3)
  Robin (D:3)
  An adder (D:2)
  A worm (D:2)
  A dart slug (D:1)
  An orc (D:3)
  4 ball pythons
  4 bats
  6 endoplasms
  A giant cockroach (D:1)
  15 goblins
  4 hobgoblins
  10 jackals
  6 kobolds
  3 quokkas (D:1)
  A frilled lizard (D:3)
  3 rats
65 creatures vanquished.

Notes
Turn   | Place    | Note
-------+----------+-------------------------------------------
     0 | D:1      | pkoi the Minotaur Fighter began the quest for the Orb.
     0 | D:1      | Reached XP level 1. HP: 19/19 MP: 0/0
    34 | D:1      | Reached skill level 4 in Shields
   225 | D:1      | Reached XP level 2. HP: 26/26 MP: 1/1
   606 | D:1      | Found a faded altar of an unknown god.
   666 | D:1      | Became a worshipper of Uskayaw the Reveller
   666 | D:1      | Reached * piety under Uskayaw
   769 | D:1      | Reached ** piety under Uskayaw
   791 | D:1      | Reached *** piety under Uskayaw
   793 | D:1      | Reached XP level 3. HP: 28/31 MP: 2/2
  1377 | D:2      | Reached skill level 1 in Invocations
  1827 | D:3      | Noticed Robin
  1838 | D:3      | Reached XP level 4. HP: 28/39 MP: 3/3
  1915 | D:3      | Killed Robin
  1967 | D:3      | Noticed Terence
  1976 | D:3      | Killed Terence
  1977 | D:3      | Reached skill level 5 in Shields
  2075 | D:3      | Reached XP level 5. HP: 34/45 MP: 5/5
  2452 | D:3      | Noticed Natasha
  2477 | D:3      | Killed Natasha
  2479 | D:3      | Slain by a worm

Illustrated notes

Levels and vault maps discovered:
D:1:      tarquinn_simple_flora_water_d, layout_basic,
          chequers_ecumenical_altar_grove, minmay_tree_intersection,
          kennysheep_small_spiral
D:2:      layout_basic, skrybe_limestone_x, wad_floor_pattern_untrapped
D:3:      layout_basic, serial_shops, nicolae_lakefront_shop, uniq_terence,
          uniq_robin, uniq_natasha

Skill      XL: |  1  2  3  4 |
---------------+-------------+-----
Shields        | 4 5 |  5.2
Long Blades    | 3 4 |  4.5
Invocations    | 1 2 |  2.3
Fighting       | |  3.6
Armour         | |  3.6

Action                   |  1- 3 |  4- 6 || total
-------------------------+-------+-------++-------
Melee: Long sword        |   103 |    69 ||   172
       Headbutt          |    19 |    12 ||    31
Invok: Stomp             |       |     1 ||     1
  Use: Scroll            |       |     8 ||     8
 Stab: Paralysed         |     1 |       ||     1
Armor: Scale mail        |    75 |    19 ||    94
Dodge: Dodged            |    47 |    14 ||    61
Block: Kite shield       |    74 |    35 ||   109
       Rpst.: Long sword |     6 |     2 ||     8
